 Dungeon Crawl Stone Soup version 0.26-a0-606-g3c8f2f65f7 (webtiles) character file.

Game seed: 18007087173076057196

2018 mephitismephitis the Thrower (level 9, 0/84 HPs)
             Began as an Ogre Arcane Marksman on Sept 2, 2020.
             Was a Follower of Ashenzari.
             Slain by a killer bee (7 damage)
             ... on level 7 of the Dungeon.
             The game lasted 00:15:42 (9982 turns).

mephitismephitis the Thrower (Ogre Arcane Marksman) Turns: 9982, Time: 00:15:42

Health: 0/84       AC:  6    Str: 16    XL:     9   Next: 23%
Magic:  12/15      EV: 10    Int: 17    God:    Ashenzari [*.....]
Gold:   414        SH:  0    Dex:  9    Spells: 7/16 levels left

rFire    . . .     SeeInvis .   A - +2 rapier (elec) (curse)
rCold    . . .     Faith    .   (no shield)
rNeg     . . .     Spirit   .   a - +0 robe
rPois    +         Reflect  .   b - +1 hat
rElec    .         Harm     .   y - +1 cloak {rPois}
rCorr    .                      (gloves unavailable)
MR       .....                  (boots unavailable)
Stlth    +.........             (no amulet)
HPRegen  0.24/turn              t - ring of poison resistance
MPRegen  0.14/turn              (no ring)

@: lethally poisoned (0 -> -1)
A: large, unfitting armour, tough skin 1
a: Curse Item, Scrying, Renounce Religion


You were on level 7 of the Dungeon.
You worshipped Ashenzari.
Ashenzari was aware of your devotion.
You visited 2 branches of the dungeon, and saw 8 of its levels.

You collected 414 gold pieces.

Inventory:

Hand Weapons
 m - a +2 dagger of venom
 A - a cursed +2 rapier of electrocution (weapon)
Missiles
 c - 4 large rocks
 d - 3 throwing nets
 g - 4 curare-tipped darts
 s - 46 poisoned darts (quivered)
Armour
 a - a +0 robe (worn)
 b - a +1 hat (worn)
 y - a +1 cloak of poison resistance (worn)
Jewellery
 t - a ring of poison resistance (left hand)
Wands
 z - a wand of polymorph (14)
Scrolls
 e - a scroll of enchant armour {unknown}
 f - 4 scrolls of teleportation {unknown}
 h - 6 scrolls of identify {unknown}
 o - 2 scrolls of magic mapping {unknown}
 q - 5 scrolls of amnesia {unknown}
 r - 3 scrolls of immolation {unknown}
 u - a scroll of fear {unknown}
 w - a scroll of summoning {unknown}
 x - 2 scrolls of blinking {unknown}
Potions
 i - 2 potions of resistance {unknown}
 j - 2 potions of lignification {unknown}
 k - 2 potions of curing {unknown}
 l - 2 potions of stabbing {unknown}
 n - 3 potions of might
 v - 5 potions of flight {unknown}
 B - a potion of brilliance {unknown}


   Skills:
 - Level 3.8 Fighting
 - Level 0.4 Short Blades
 + Level 8.9 Throwing
 - Level 1.7 Dodging
 - Level 4.0 Spellcasting
 - Level 2.0 Conjurations
 - Level 4.0 Hexes
 - Level 1.0 Translocations
 - Level 2.0 Air Magic
 - Level 3.5 Poison Magic


You had 7 spell levels left.
You knew the following spells:

 Your Spells              Type           Power        Failure   Level
a - Corona                Hex            ###....      3%          1
b - Portal Projectile     Hex/Tloc       ##....       17%         3
c - Slow                  Hex            ###.....     4%          2
d - Mephitic Cloud        Conj/Pois/Air  ##......     17%         3

Your spell library contained the following spells:

 Spells                   Type           Power        Failure   Level
 Poisonous Vapours        Pois/Air       ##....       8%          2
 Inner Flame              Hex/Fire       ##......     21%         3
 Conjure Flame            Conj/Fire      #.......     30%         3
 Cause Fear               Hex            ###.......   30%         4
 Leda's Liquefaction      Hex/Erth       ##........   56%         4
 Freezing Cloud           Conj/Ice/Air   #.........   100%        6


Dungeon Overview and Level Annotations

Branches:
Dungeon (7/15)             Temple (1/1) D:4

Altars:
Ashenzari
Cheibriados
Dithmenos
Elyvilon
Fedhas
Gozag
Hepliaklqana
Kikubaaqudgha
Makhleb
Nemelex Xobeh
Okawaru
Qazlal
Ru
Sif Muna
Trog
Uskayaw
Vehumet
Xom
Yredelemnul
The Shining One


Innate Abilities, Weirdness & Mutations

You are too large for most types of armour.
You have tough skin. (AC +1)


Message History

Evoke which item? (* to show all) (? for menu, Esc to quit)
Okay, then.
Unknown command.
Casting: Portal Projectile (dangerous; 17% risk of failure)
Confirm with . or Enter, or press ? or * to list all spells.
Okay, then.
Unknown command.
Casting: Portal Projectile (dangerous; 17% risk of failure)
Confirm with . or Enter, or press ? or * to list all spells.
Aiming: Mephitic Cloud (dangerous; 17% risk of failure)
Press: ? - help, Shift-Dir - straight line, f/p - killer bee
Aim: a killer bee (poisoned)
The ball explodes into a vile cloud!
The stinking cloud engulfs the killer bee but does no damage.
The stinking cloud engulfs you but does no damage.
The killer bee is engulfed in noxious fumes.
The killer bee appears confused.
The killer bee barely misses you.
The killer bee is engulfed in noxious fumes.
The killer bee appears confused.
The killer bee stings you!
You die...

#..##..# #..........# ...[..
##...#.## #..........##....
##.#)#.# #..........#... .#...#.#
#.y........#.# .##..#.#
##............# .....#.#
##...........###
###.>(.###..#...###.### #######
...........##.####..#######.....#
.........(...(.y@...††...##.....#
..#..((....[..##########.......)#
.........#)...# ####.....#
..........)#.### #.....#
......).[......### #.....#
..........#......# ####...
..........#.#........###### ####
..........#.####.#........## #.
..(.......#.# .# #.####..# #.


You could see a killer bee (confused, poisoned).

Vanquished Creatures
  An unseen horror (D:6)
  An orc warrior (D:7)
  A black bear (D:7)
  An ice beast (D:7)
  3 centaurs
  A big kobold (D:7)
  2 bullfrogs (D:6)
  2 scorpions
  4 killer bees (D:7)
  A hound (D:4)
  3 jellies
  2 orc priests
  3 orc wizards
  A worker ant (D:7)
  A hound skeleton (D:7)
  10 adders
  An ufetubus (D:5)
  2 adder skeletons
  A leopard gecko (D:1)
  19 orcs
  2 ball pythons
  3 giant cockroaches
  11 goblins
  4 hobgoblins
  12 jackals
  3 quokkas
  6 bats
  6 frilled lizards
  A jackal zombie (D:5)
  9 kobolds
  3 leopard gecko skeletons
  6 rats
126 creatures vanquished.

Notes
Turn   | Place    | Note
-------+----------+-------------------------------------------
     0 | D:1      | mephitismephitis the Ogre Arcane Marksman began the quest
                  | for the Orb.
     0 | D:1      | Reached XP level 1. HP: 19/19 MP: 2/2
   218 | D:1      | Reached XP level 2. HP: 29/29 MP: 3/3
  1287 | D:2      | Reached XP level 3. HP: 39/39 MP: 4/4
  1306 | D:2      | Learned a level 3 spell: Portal Projectile
  1997 | D:2      | Found a shimmering altar of Xom.
  2512 | D:2      | Reached XP level 4. HP: 12/48 MP: 6/6
  2794 | D:2      | Reached skill level 1 in Translocations
  3515 | D:3      | Learned a level 2 spell: Slow
  3559 | D:3      | Reached XP level 5. HP: 54/54 MP: 4/8
  4489 | D:3      | Found a hide-covered altar of Uskayaw.
  4492 | D:3      | Noticed a +0 dagger
  4493 | D:3      | Noticed a +0 dagger
  4620 | D:3      | Found a shimmering blue altar of Sif Muna.
  4748 | D:4      | Reached XP level 6. HP: 22/62 MP: 11/11
  5431 | D:4      | Found a staircase to the Ecumenical Temple.
  5489 | Temple   | Entered the Ecumenical Temple
  5623 | Temple   | Became a worshipper of Ashenzari the Shackled
  5919 | D:5      | Entered Level 5 of the Dungeon
  5930 | D:5      | Reached skill level 3 in Throwing
  6112 | D:5      | Found a hazy altar of Hepliaklqana.
  6375 | D:5      | Reached skill level 4 in Throwing
  6375 | D:5      | Reached XP level 7. HP: 41/68 MP: 13/13
  7279 | D:6      | Noticed an unseen horror
  7291 | D:6      | Killed an unseen horror
  7291 | D:6      | Reached skill level 7 in Throwing
  7291 | D:6      | Reached XP level 8. HP: 10/78 MP: 2/14
  8192 | D:6      | Learned a level 3 spell: Mephitic Cloud
  8311 | D:6      | Reached skill level 1 in Conjurations
  8311 | D:6      | Reached skill level 1 in Air Magic
  8311 | D:6      | Reached skill level 1 in Poison Magic
  8674 | D:6      | Reached * piety under Ashenzari
  9728 | D:7      | Reached XP level 9. HP: 82/84 MP: 15/15
  9773 | D:7      | Reached skill level 8 in Throwing
  9982 | D:7      | Slain by a killer bee

Illustrated notes

Levels and vault maps discovered:
D:1:      dpeg_arrival_concentric_ovals, layout_basic
D:2:      layout_loops_corners, lemuel_crystal_altar, serial_glass,
          glass_columns_a, glass_columns_b
D:3:      layout_basic, lemuel_blue_sif_altar, dancing_weapons_uskayaw
D:4:      layout_basic, minmay_temple_entry_nine_rooms
D:5:      layout_cave_pods, nicolae_overflow_crystal_walls
D:6:      layout_basic
D:7:      layout_rooms
Temple:   nicolae_temple_elliptical

Skill      XL: |  1  2  3  4  5  6  7  8  9 |
---------------+----------------------------+-----
Fighting       | 2 3 |  3.8
Hexes          | 3 4 |  4.0
Translocations | 1 |  1.0
Spellcasting   | 2 3 4 |  4.0
Throwing       | 4 7 8 |  8.9
Conjurations   | 2 |  2.0
Air Magic      | 2 |  2.0
Poison Magic   | 3 |  3.5
Short Blades   | |  0.4
Dodging        | |  1.7

Action                   |  1- 3 |  4- 6 |  7- 9 || total
-------------------------+-------+-------+-------++-------
Melee: Spear             |   147 |   117 |       ||   264
       Dagger            |       |    52 |   158 ||   210
       Rapier            |       |       |     9 ||     9
Throw: Stone             |     7 |       |       ||     7
       Large rock        |     6 |     8 |     3 ||    17
       Throwing net      |     3 |       |       ||     3
       Dart              |       |    21 |    45 ||    66
 Cast: Corona            |     3 |     7 |     3 ||    13
       Portal Projectile |       |     6 |     2 ||     8
       Mephitic Cloud    |       |       |     1 ||     1
Invok: Curse Item        |       |       |     1 ||     1
  Use: Potion            |       |     1 |     1 ||     2
 Stab: Sleeping          |     1 |       |       ||     1
Armor: Robe              |    34 |    28 |    83 ||   145
Dodge: Dodged            |    86 |    85 |   120 ||   291

Table legend: (Time is in decaauts)
 A = Elapsed time spent in this place.
 B = Non-inter-level travel time spent in this place.
 C = Inter-level travel time spent in this place.
 D = Time resting spent in this place.
 E = Time spent auto-exploring this place.
 F = Levels seen in this place.
 G = Mean time per level.
                   A        B        C        D        E       F      G
               +--------+--------+--------+--------+--------+-----+--------+
         Total |  10041 |   9823 |    218 |   1813 |   6732 |   8 | 1255.1 |
       Dungeon |   9878 |   9702 |    176 |   1813 |   6613 |   7 | 1411.1 |
        Temple |    162 |    120 |     42 |      0 |    119 |   1 |  162.0 |
               +--------+--------+--------+--------+--------+-----+--------+

Top non-repeatable levels by time:
     D:6: 1789 daAuts
     D:3: 1750 daAuts
     D:2: 1747 daAuts
     D:5: 1346 daAuts
     D:1: 1268 daAuts
     D:4: 1052 daAuts
     D:7: 924 daAuts
  Temple: 162 daAuts
